 Dungeon Crawl Stone Soup version 0.32-a0-290-g598725c5f2 (webtiles) character file.

Game seed: 11300196844001015719

11755 cforsyth the Fighter (level 12, -2/98 HPs)
             Began as a Djinni Hexslinger on Feb 13, 2024.
             Killed from afar by a gargoyle (16 damage)
             ... with a stone arrow
             ... on level 11 of the Dungeon.
             The game lasted 00:19:27 (15203 turns).

cforsyth the Fighter (Djinni Hexslinger)           Turns: 15203, Time: 00:19:27

Health: -2/98      AC:  3    Str:  7    XL:     12   Next: 11%
Gold:   799        EV: 17    Int: 19    God:
                   SH:  0    Dex: 17

rFire   + + .        a - +5 demon whip "Spellbinder" {antimagic, disrupt, Will+}
rCold   x . .        (no shield)
rNeg    . . .        c - +0 robe
rPois   ∞            A - +0 helmet
rElec   .            (no cloak)
rCorr   .            (no gloves)
SInv    .            (boots unavailable)
Will    ++...        h - amulet of the acrobat
Stlth   ++           E - +5 ring of evasion
HPRegen 0.36/turn    (no ring)
MPRegen 0.00/turn

%: acrobat, infuse magic (-3 HP)
@: flying
A: sickness immunity, fire resistance 2, cold vulnerability 1, float, innate
caster, HP casting, extra vitality 1
a: no special abilities


You were on level 11 of the Dungeon.
You visited 1 branch of the dungeon, and saw 11 of its levels.
You also visited: Sewer.

You collected 799 gold pieces.


Innate Abilities, Weirdness & Mutations

You are immune to sickness and miasma.
You are immune to poison.
Your flesh is very heat resistant. (rF++)
You are vulnerable to cold. (rC-)
You float through the air rather than walking.
You learn spells naturally, not from books.
Your magical power is your life essence.
You have superior vitality. (+4 MHP)


   Skills:
 + Level 13.3 Fighting
 - Level 1.5 Ranged Weapons
 - Level 2.1 Dodging
 + Level 10.5 Spellcasting
 + Level 10.5 Conjurations
 + Level 10.5 Hexes
 + Level 10.5 Summonings
 + Level 10.5 Necromancy
 + Level 10.5 Translocations
 + Level 10.5 Fire Magic
 + Level 10.5 Ice Magic
 + Level 10.5 Air Magic
 + Level 10.5 Earth Magic
 + Level 10.5 Alchemy


You knew the following spells:

 Your Spells              Type           Power      Damage    Failure   Level
a - Vhi's Electric Charg  Tloc/Air       98%        N/A       1%          4
b - Iskenderun's Mystic   Conj/Tloc      49%        2d11      1%          4
c - Cause Fear            Hex            24%        N/A       1%          4
f - Inner Flame           Hex/Fire       49%        N/A       1%          3
i - Call Imp              Summ           98%        N/A       1%          2
m - Magic Dart            Conj           100%       1d8       1%          1
t - Static Discharge      Conj/Air       98%        3-8/arc   1%          2
X - Jinxbite              Hex            98%        N/A       1%          2
Y - Sigil of Binding      Hex            49%        N/A       1%          3
Z - Dimensional Bullseye  Hex/Tloc       24%        N/A       1%          4
Your spell library was empty.

Inventory:

Hand Weapons
 a - the +5 demon whip "Spellbinder" (weapon) {antimagic, disrupt, Will+}
   (You found it in a sewer)

   Will+:     It increases your willpower.
Armour
 c - a +0 robe (worn)
 v - a +2 hat
 A - a +0 helmet (worn)
 C - a +0 cloak
 D - a +0 cloak
Magical Staves
 y - a staff of air {!a}
Jewellery
 h - an amulet of the acrobat (around neck)
 E - a +5 ring of evasion (left hand)
 R - a ring of resist corrosion
Wands
 G - a wand of polymorph (12)
 H - a wand of quicksilver (9)
 J - a wand of flame (7)
Scrolls
 b - 3 scrolls of poison
 d - 2 scrolls of identify {@r1}
 g - 3 scrolls of revelation {unknown}
 i - 2 scrolls of noise {unknown}
 j - 3 scrolls of fear {unknown}
 k - 3 scrolls of silence {unknown}
 n - 2 scrolls of teleportation {unknown}
 p - 3 scrolls of amnesia {unknown}
 s - a scroll of vulnerability {unknown}
 t - a scroll of torment {unknown}
 u - a scroll of blinking
 x - 3 scrolls of immolation {unknown}
Potions
 e - a potion of might
 f - a potion of haste {@q3}
 l - a potion of mutation
 m - 3 potions of heal wounds {@q2}
 o - a potion of berserk rage {!q}
 q - a potion of cancellation
 r - 5 potions of curing {@q1}
 w - a potion of invisibility
 z - 4 potions of lignification
 B - a potion of brilliance
 F - a potion of attraction
 I - 2 potions of resistance

Dungeon Overview and Level Annotations

Branches:
Dungeon (11/15)            Temple (0/1) D:5            Lair (0/5) D:9
  Sewer (visited)
    Orc: D:9-12

Altars:
Cheibriados
Elyvilon
Gozag
Nemelex Xobeh
Qazlal
Trog
Wu Jian
Jiyva

Shops:
D:6 *

Annotations:
D:4 1 runed translucent door, zenocrate's ghost, weakling KoDe
D:10 3 runed translucent doors, SheepSpotted's ghost, novice DrSh

......!.....# .)..
.........(..# ....
............# ....
.......°.☼.# ....
.......○..!#####......
##...☼9.............
#..........?.......
#..................
#.@.§..............
#.§§..........#####
#.§§§......?..#
#.............#
#.>...>.......#
..............
####.######### #.#


You could see a gargoyle.


Message History

Unknown command.
Casting: Iskenderun's Mystic Blast (mildly dangerous; 1% risk of failure)
Confirm with . or Enter, or press ? or * to list all spells.
You erupt in a blast of force!
The mystic blast hits the gargoyle!
The gargoyle is moderately damaged.
The gargoyle is knocked back by the mystic blast.
The mystic blast hits the two-headed ogre!
Flame seeps out of the two-headed ogre.
The two-headed ogre is severely wounded.
The two-headed ogre is knocked back by the mystic blast.
* * * LOW HITPOINT WARNING * * *
Unknown command.
Unknown command.
Casting: Iskenderun's Mystic Blast (mildly dangerous; 1% risk of failure)
Confirm with . or Enter, or press ? or * to list all spells.
You erupt in a blast of force!
The mystic blast hits the two-headed ogre!
* * * LOW HITPOINT WARNING * * *
The two-headed ogre explodes!
The fiery explosion engulfs you! You resist.
* * * LOW HITPOINT WARNING * * *
You are engulfed in blazing flames.
You resist.
* * * LOW HITPOINT WARNING * * *
Unknown command.
Unknown command.
You are engulfed in blazing flames.
You resist.
* * * LOW HITPOINT WARNING * * *
The gargoyle hurls a stone arrow at you.
The stone arrow hits you!
You die...

Skill      XL: |  1  2  3  4  5  6  7  8  9 10 11 |
---------------+----------------------------------+-----
Spellcasting   | 3 4 5 6 7 9 10 | 10.5
Conjurations   | 3 4 5 6 7 9 10 | 10.5
Hexes          | 3 4 5 6 7 9 10 | 10.5
Summonings     | 3 4 5 6 7 9 10 | 10.5
Necromancy     | 3 4 5 6 7 9 10 | 10.5
Translocations | 3 4 5 6 7 9 10 | 10.5
Fire Magic     | 3 4 5 6 7 9 10 | 10.5
Ice Magic      | 3 4 5 6 7 9 10 | 10.5
Air Magic      | 3 4 5 6 7 9 10 | 10.5
Earth Magic    | 3 4 5 6 7 9 10 | 10.5
Alchemy        | 3 4 5 6 7 9 10 | 10.5
Fighting       | 2 3 4 5 7 9 11 13 | 13.3
Ranged Weapons | |  1.5
Dodging        | |  2.1

Action                     |  1- 3 |  4- 6 |  7- 9 | 10-12 || total
---------------------------+-------+-------+-------+-------++-------
  Melee: Demon whip        |       |       |    15 |    15 ||    30
   Fire: Sling             |    22 |       |       |       ||    22
   Cast: Jinxbite          |     6 |       |       |       ||     6
         Magic Dart        |    30 |   110 |   147 |   240 ||   527
         Inner Flame       |       |    39 |    75 |   128 ||   242
         Cause Fear        |       |       |       |     3 ||     3
         Call Imp          |       |       |       |     3 ||     3
         Static Discharge  |       |       |       |     3 ||     3
         Iskenderun's Myst |       |       |       |     9 ||     9
  Evoke: Wand              |       |       |       |     1 ||     1
    Use: Potion            |       |       |     2 |       ||     2
         Scroll            |       |       |       |    11 ||    11
 Armour: Robe              |     5 |    16 |    50 |    91 ||   162
  Dodge: Dodged            |     9 |     8 |    31 |    70 ||   118

Levels and vault maps discovered:
D:1:      minmay_arrival_stone_box, layout_rooms
D:2:      cheibrodos_helix_gallery, layout_basic, basic_altar
D:3:      layout_basic, nicolae_qazlal_scattered_showers
D:4:      layout_layer_cave, ebering_ghost_reflecting_pool, portal_sewer_entry_d
D:5:      layout_basic, mainiacjoe_overflow_tiny_flanked,
          minmay_temple_entry_overgrown, hangedman_decor_lopped, uniq_eustachio,
          uniq_menkaure
D:6:      layout_gridville, trog_book, nicolae_alphabet_shops
D:7:      layout_basic, supply_closet_lemuel, uniq_duvessa
D:8:      layout_basic, minmay_gold_behind_fungi, roderic_batcave,
          hangedman_decor_growths, eino_tiny_chamber, roderic_serpentine_path,
          minmay_starry_boxes, uniq_maggie
D:9:      layout_small_grid, nemelex_xobeh_ov_fountains_minmay,
          pdpol_wu_jian_five_deadly_venoms, kennysheep_slug_shrine,
          due_lair_maze_entry_diamond, serial_bayou_pond_d
D:10:     layout_irregular_city, nicolae_gozag_cash_rules_everything_around_me,
          gammafunk_ghost_ooze, minmay_misc_feat_room, due_unseen_surprise
D:11:     layout_small_grid

Notes
Turn   | Place    | Note
-------+----------+-------------------------------------------
     0 | D:1      | cforsyth the Djinni Hexslinger began the quest for the Orb.
     0 | D:1      | cforsyth set off with the following spells memorised:
                  | Jinxbite, Sigil of Binding, Inner Flame, Cause Fear,
                  | Dimensional Bullseye.
     0 | D:1      | Reached XP level 1. HP: 17/17 MP: 0/0
    51 | D:1      | Reached XP level 2. HP: 22/22 MP: 0/0
   105 | D:1      | Reached skill level 3 in Spellcasting
   105 | D:1      | Reached skill level 3 in Conjurations
   105 | D:1      | Reached skill level 3 in Hexes
   105 | D:1      | Reached skill level 3 in Summonings
   105 | D:1      | Reached skill level 3 in Necromancy
   105 | D:1      | Reached skill level 3 in Translocations
   105 | D:1      | Reached skill level 3 in Fire Magic
   105 | D:1      | Reached skill level 3 in Ice Magic
   105 | D:1      | Reached skill level 3 in Air Magic
   105 | D:1      | Reached skill level 3 in Earth Magic
   105 | D:1      | Reached skill level 3 in Alchemy
   127 | D:1      | Reached skill level 2 in Fighting
   127 | D:1      | Reached XP level 3. HP: 26/28 MP: 0/0
   127 | D:1      | Learned a level 1 spell: Magic Dart
   506 | D:2      | Reached XP level 4. HP: 28/34 MP: 0/0
   894 | D:2      | Reached skill level 3 in Fighting
  1064 | D:2      | Found a stormy altar of Qazlal.
  1396 | D:3      | Reached XP level 5. HP: 26/40 MP: 0/0
  1396 | D:3      | Learned a level 2 spell: Static Discharge
  1596 | D:3      | Found a stormy altar of Qazlal.
  1755 | D:3      | Reached skill level 4 in Spellcasting
  1755 | D:3      | Reached skill level 4 in Conjurations
  1755 | D:3      | Reached skill level 4 in Hexes
  1755 | D:3      | Reached skill level 4 in Summonings
  1755 | D:3      | Reached skill level 4 in Necromancy
  1755 | D:3      | Reached skill level 4 in Translocations
  1755 | D:3      | Reached skill level 4 in Fire Magic
  1755 | D:3      | Reached skill level 4 in Ice Magic
  1755 | D:3      | Reached skill level 4 in Air Magic
  1755 | D:3      | Reached skill level 4 in Earth Magic
  1755 | D:3      | Reached skill level 4 in Alchemy
  1755 | D:3      | Reached XP level 6. HP: 37/47 MP: 0/0
  2035 | D:4      | Reached skill level 4 in Fighting
  2036 | D:4      | Found a glowing drain.
  2126 | Sewer    | Entered a sewer
  2881 | Sewer    | Reached XP level 7. HP: 42/53 MP: 0/0
  2881 | Sewer    | Learned a level 2 spell: Call Imp
  2972 | Sewer    | Reached skill level 5 in Fighting
  3177 | Sewer    | Found the +5 demon whip "Spellbinder" {antimagic, disrupt,
                  | Will+}
  3193 | Sewer    | Identified the +3 chain mail "Tupluwous" {rF- Int+2 Dex+2}
  4011 | D:4      | Found a runed translucent door.
  4012 | D:4      | Noticed zenocrate's ghost (weakling KoDe)
  4109 | D:4      | Reached skill level 5 in Spellcasting
  4109 | D:4      | Reached skill level 5 in Conjurations
  4109 | D:4      | Reached skill level 5 in Hexes
  4109 | D:4      | Reached skill level 5 in Summonings
  4109 | D:4      | Reached skill level 5 in Necromancy
  4109 | D:4      | Reached skill level 5 in Translocations
  4109 | D:4      | Reached skill level 5 in Fire Magic
  4109 | D:4      | Reached skill level 5 in Ice Magic
  4109 | D:4      | Reached skill level 5 in Air Magic
  4109 | D:4      | Reached skill level 5 in Earth Magic
  4109 | D:4      | Reached skill level 5 in Alchemy
  4346 | D:4      | Reached XP level 8. HP: 42/61 MP: 0/0
  5053 | D:5      | Entered Level 5 of the Dungeon
  5059 | D:5      | Reached skill level 6 in Fighting
  5226 | D:5      | Found a white marble altar of Elyvilon.
  5246 | D:5      | Found a staircase to the Ecumenical Temple.
  5342 | D:5      | Noticed Eustachio
  5346 | D:5      | Killed Eustachio
  5569 | D:5      | Reached skill level 7 in Fighting
  5573 | D:5      | Reached skill level 6 in Spellcasting
  5573 | D:5      | Reached skill level 6 in Conjurations
  5573 | D:5      | Reached skill level 6 in Hexes
  5573 | D:5      | Reached skill level 6 in Summonings
  5573 | D:5      | Reached skill level 6 in Necromancy
  5573 | D:5      | Reached skill level 6 in Translocations
  5573 | D:5      | Reached skill level 6 in Fire Magic
  5573 | D:5      | Reached skill level 6 in Ice Magic
  5573 | D:5      | Reached skill level 6 in Air Magic
  5573 | D:5      | Reached skill level 6 in Earth Magic
  5573 | D:5      | Reached skill level 6 in Alchemy
  5745 | D:5      | Reached XP level 9. HP: 16/69 MP: 0/0
  5745 | D:5      | Learned a level 4 spell: Vhi's Electric Charge
  5755 | D:5      | Noticed Menkaure
  6044 | D:5      | Killed Menkaure
  6045 | D:5      | Reached skill level 8 in Fighting
  6439 | D:6      | Found Gohiuwn's Goods Gallery.
  6669 | D:6      | Reached skill level 7 in Spellcasting
  6669 | D:6      | Reached skill level 7 in Conjurations
  6669 | D:6      | Reached skill level 7 in Hexes
  6669 | D:6      | Reached skill level 7 in Summonings
  6669 | D:6      | Reached skill level 7 in Necromancy
  6669 | D:6      | Reached skill level 7 in Translocations
  6669 | D:6      | Reached skill level 7 in Fire Magic
  6669 | D:6      | Reached skill level 7 in Ice Magic
  6669 | D:6      | Reached skill level 7 in Air Magic
  6669 | D:6      | Reached skill level 7 in Earth Magic
  6669 | D:6      | Reached skill level 7 in Alchemy
  6857 | D:6      | Reached skill level 9 in Fighting
  7286 | D:6      | Reached XP level 10. HP: 75/78 MP: 0/0
  7348 | D:6      | Found a bloodstained altar of Trog.
  7838 | D:7      | Reached skill level 10 in Fighting
  7838 | D:7      | Reached skill level 8 in Spellcasting
  7838 | D:7      | Reached skill level 8 in Conjurations
  7838 | D:7      | Reached skill level 8 in Hexes
  7838 | D:7      | Reached skill level 8 in Summonings
  7838 | D:7      | Reached skill level 8 in Necromancy
  7838 | D:7      | Reached skill level 8 in Translocations
  7838 | D:7      | Reached skill level 8 in Fire Magic
  7838 | D:7      | Reached skill level 8 in Ice Magic
  7838 | D:7      | Reached skill level 8 in Air Magic
  7838 | D:7      | Reached skill level 8 in Earth Magic
  7838 | D:7      | Reached skill level 8 in Alchemy
  8171 | D:7      | Noticed Dowan
  8176 | D:7      | Killed Dowan
  8183 | D:7      | Noticed Duvessa
  8193 | D:7      | Killed Duvessa
  8730 | D:8      | Noticed a two-headed ogre
  8846 | D:8      | Killed a two-headed ogre
  9054 | D:8      | Reached skill level 11 in Fighting
  9603 | D:8      | Noticed a two-headed ogre
  9608 | D:8      | Killed a two-headed ogre
  9609 | D:8      | Reached skill level 9 in Spellcasting
  9609 | D:8      | Reached skill level 9 in Conjurations
  9609 | D:8      | Reached skill level 9 in Hexes
  9609 | D:8      | Reached skill level 9 in Summonings
  9609 | D:8      | Reached skill level 9 in Necromancy
  9609 | D:8      | Reached skill level 9 in Translocations
  9609 | D:8      | Reached skill level 9 in Fire Magic
  9609 | D:8      | Reached skill level 9 in Ice Magic
  9609 | D:8      | Reached skill level 9 in Air Magic
  9609 | D:8      | Reached skill level 9 in Earth Magic
  9609 | D:8      | Reached skill level 9 in Alchemy
  9609 | D:8      | Reached XP level 11. HP: 74/87 MP: 0/0
  9609 | D:8      | Learned a level 4 spell: Iskenderun's Mystic Blast
 10038 | D:8      | Noticed Maggie
 10043 | D:8      | Killed Maggie
 10523 | D:8      | Noticed a manticore
 10882 | D:8      | Killed a manticore
 12249 | D:9      | Found a sparkling altar of Nemelex Xobeh.
 12256 | D:9      | Reached skill level 12 in Fighting
 12674 | D:9      | Noticed a two-headed ogre
 12679 | D:9      | Killed a two-headed ogre
 12922 | D:9      | Reached skill level 10 in Spellcasting
 12922 | D:9      | Reached skill level 10 in Conjurations
 12922 | D:9      | Reached skill level 10 in Hexes
 12922 | D:9      | Reached skill level 10 in Summonings
 12922 | D:9      | Reached skill level 10 in Necromancy
 12922 | D:9      | Reached skill level 10 in Translocations
 12922 | D:9      | Reached skill level 10 in Fire Magic
 12922 | D:9      | Reached skill level 10 in Ice Magic
 12922 | D:9      | Reached skill level 10 in Air Magic
 12922 | D:9      | Reached skill level 10 in Earth Magic
 12922 | D:9      | Reached skill level 10 in Alchemy
 13384 | D:9      | Found an ornate altar of the Wu Jian Council.
 13415 | D:9      | Found a staircase to the Lair.
 13694 | D:9      | Found a snail-covered altar of Cheibriados.
 13919 | D:9      | Identified 2 potions of resistance
 13959 | D:10     | Entered Level 10 of the Dungeon
 13967 | D:10     | Found a runed translucent gate.
 14077 | D:10     | Found a runed translucent gate.
 14080 | D:10     | Found a runed translucent gate.
 14080 | D:10     | Noticed SheepSpotted's ghost (novice DrSh)
 14557 | D:10     | Found an opulent altar of Gozag.
 14617 | D:10     | Reached skill level 13 in Fighting
 14913 | D:10     | Found a viscous altar of Jiyva.
 14925 | D:11     | Noticed a two-headed ogre
 15189 | D:11     | Reached XP level 12. HP: 63/98 MP: 0/0
 15202 | D:11     | Killed a two-headed ogre
 15203 | D:11     | Killed from afar by a gargoyle

Vanquished Creatures
  4 two-headed ogres
  A manticore (D:8)
  Maggie (D:8)
  A hornet (D:9)
  A shadow (D:8)
  6 yaks
  Eustachio (D:5)
  3 vampire mosquitoes (D:11)
  Menkaure (D:5)
  4 steam dragons
  An acid dragon (D:10)
  4 water moccasins
  Duvessa (D:7)
  3 orc warriors
  3 black bears
  4 sky beasts
  An ice beast (D:7)
  7 centaurs
  2 kobold brigands
  8 bullfrogs
  A gnoll sergeant (D:7)
  4 scorpions
  15 wights
  9 killer bees
  Dowan (D:7)
  4 jellies
  6 howler monkeys
  A vampire bat (D:8)
  4 bombardier beetles
  11 orc priests
  A hound (D:5)
  2 sleepcaps (D:6)
  2 gnoll boudas (D:6)
  3 iguanas
  13 orc wizards
  19 gnolls
  12 adders
  2 white imps (D:7)
  2 ufetubi (D:6)
  5 ribbon worms
  10 dart slugs
  30 orcs
  15 ball pythons
  12 bats
  17 endoplasms
  9 giant cockroaches
  4 goblins
  3 hobgoblins
  16 kobolds
  2 quokkas
  14 frilled lizards
  6 rats
312 creatures vanquished.

Table legend: (Time is in decaauts)
 A = Elapsed time spent in this place.
 B = Non-inter-level travel time spent in this place.
 C = Inter-level travel time spent in this place.
 D = Time resting spent in this place.
 E = Time spent auto-exploring this place.
 F = Levels seen in this place.
 G = Mean time per level.
                   A        B        C        D        E       F      G
               +--------+--------+--------+--------+--------+-----+--------+
         Total |  15217 |  14895 |    322 |   2199 |  10852 |  12 | 1268.1 |
       Dungeon |  14135 |  13813 |    322 |   2008 |  10179 |  11 | 1285.0 |
         Sewer |   1082 |   1082 |      0 |    191 |    673 |   1 | 1082.0 |
               +--------+--------+--------+--------+--------+-----+--------+

Top non-repeatable levels by time:
     D:8: 3218 daAuts
     D:4: 2019 daAuts
     D:9: 1629 daAuts
     D:7: 1494 daAuts
     D:5: 1286 daAuts
     D:6: 1210 daAuts
    D:10: 1196 daAuts
   Sewer: 1082 daAuts
     D:2: 935 daAuts
     D:3: 589 daAuts
     D:1: 509 daAuts
    D:11: 47 daAuts

Table legend:
 A = Non-vault XP
 B = Vault XP
 C = Vault XP percentage of total XP
 D = Non-vault monster count
 E = Vault monster count
 F = Vault count percentage of total count
                 A         B        C        D         E       F
            +---------+---------+-------+---------+---------+-------
      Total |   12596 |    4197 |  25.0 |     229 |      83 |  26.6
            +---------+---------+-------+---------+---------+-------
        D:1 |      65 |       0 |   0.0 |      25 |       0 |   0.0
        D:2 |      53 |       8 |  13.1 |      13 |       2 |  13.3
        D:3 |     164 |       0 |   0.0 |      12 |       0 |   0.0
        D:4 |     374 |      14 |   3.6 |      26 |       1 |   3.7
        D:5 |    1023 |     370 |  26.6 |      29 |       2 |   6.5
        D:6 |    1493 |       0 |   0.0 |      31 |       0 |   0.0
        D:7 |    1048 |     212 |  16.8 |      19 |       2 |   9.5
        D:8 |    2008 |    2188 |  52.1 |      20 |      17 |  45.9
        D:9 |    3486 |    1053 |  23.2 |      31 |      11 |  26.2
       D:10 |    1086 |       0 |   0.0 |      17 |       0 |   0.0
       D:11 |    1796 |       0 |   0.0 |       6 |       0 |   0.0
      Sewer |       0 |     352 | 100.0 |       0 |      48 | 100.0
            +---------+---------+-------+---------+---------+-------
